 Dungeon Crawl Stone Soup version 0.32-a0-411-g744942f433 (webtiles) character file.

Game seed: 15629517940943221562

286 shadowstone the Trooper (level 6, 0/48 HPs)
             Began as a Coglin Fighter on Feb 20, 2024.
             Was an Initiate of Hepliaklqana.
             Slain by a gnoll
             ... wielding a +0 spear
             ... led by a gnoll sergeant
              (4 damage)
             ... on level 5 of the Dungeon.
             The game lasted 00:11:43 (4166 turns).

shadowstone the Trooper (Coglin Fighter)            Turns: 4166, Time: 00:11:44

Health: 0/48       AC:  6    Str: 18    XL:     6   Next: 30%
Magic:  6/6        EV: 10    Int:  8    God:    Hepliaklqana [......]
Gold:   114        SH:  0    Dex: 13    Spells: 5/5 levels left

rFire   . . .        x - +3 rapier {Audrea}
rCold   . . .        w - +0 dagger (chaos) {Servius}
rNeg    . . .        b - +0 scale mail
rPois   .            (no helmet)
rElec   .            (no cloak)
rCorr   .            (no gloves)
SInv    .            (no boots)
Will    .....        (no amulet) Stlth
                     h - ring of flight
HPRegen 0.28/turn    (no ring)
MPRegen 0.10/turn

%: no passive effects
@: about to teleport, flying, revved
A: off-hand wielding, slow wielding, warmup strikes, legs shutdown
a: Renounce Religion


You were on level 5 of the Dungeon.
You worshipped Hepliaklqana.
Hepliaklqana was noncommittal.
You visited 1 branch of the dungeon, and saw 5 of its levels.

You collected 254 gold pieces.
You spent 140 gold pieces at shops.

Inventory:

Hand Weapons
 a - a +0 long sword {Umi}
 q - a +0 glaive
 w - a +0 dagger of chaos (offhand) {Servius}
 x - a +3 rapier (weapon) {Audrea}
Missiles
 k - 3 boomerangs (quivered)
 y - a throwing net
Armour
 b - a +0 scale mail (worn)
 c - a +0 buckler
 r - a +0 helmet
Magical Staves
 u - a staff of fire
 v - a staff of fire
Jewellery
 h - a ring of flight (left grasper)
 s - a ring of flight
Talismans
 g - a maw talisman
Scrolls
 i - a scroll of identify
 j - a scroll of teleportation
 l - a scroll of noise {unknown}
 m - a scroll of blinking {unknown}
 p - a scroll of summoning {unknown}
 t - a scroll of enchant weapon {unknown}
Potions
 d - 2 potions of might
 e - 3 potions of enlightenment
 f - a potion of mutation {unknown}
 n - a potion of cancellation {unknown}
 o - 2 potions of brilliance {unknown}
 z - a potion of curing {unknown}


   Skills:
 + Level 3.7 Fighting
 + Level 0.1(1.8) Short Blades
 + Level 3.4 Long Blades
 + Level 0.8 Throwing
 + Level 3.5 Armour
 + Level 2.0 Dodging
 + Level 0.9 Stealth
 + Level 3.0 Shields


You had 5 spell levels left.
You didn't know any spells.
Your spell library was empty.

Dungeon Overview and Level Annotations

Branches:
Dungeon (5/15)
 Temple: D:4-7

Altars:
Gozag
Hepliaklqana
Makhleb
Qazlal
Xom
Zin

Shops:
D:4 !*(


Innate Abilities, Weirdness & Mutations

You can wield a second weapon in your off-hand.
It takes a long time for you to wield or remove held weapons.
Your first few attacks do less damage.
Attacking and casting redirects power from your legs.


Message History

You hit the gnoll but do no damage.
You puncture the gnoll with your +3 rapier!
The gnoll hits you but does no damage.
You completely miss the gnoll with your +0 dagger of chaos.
The gnoll is severely wounded.
You barely miss the gnoll with your +3 rapier.
The gnoll hits you with a +0 spear. The gnoll closely misses you.
The gnoll hits you with a +0 flail!
You hit the gnoll with your +3 rapier.
You kill the gnoll!
The gnoll barely misses you.
The gnoll hits you from afar with a +0 spear.
The gnoll sergeant hits you but does no damage.
Your Dodging skill increases to level 2!
You cannot move.
You hit the gnoll but do no damage.
You closely miss the gnoll with your +0 dagger of chaos.
The gnoll hits you but does no damage. The gnoll closely misses you.
The gnoll sergeant hits you from afar with a +0 spear!
You barely miss the gnoll with your +3 rapier.
You closely miss the gnoll with your +0 dagger of chaos.
The gnoll hits you but does no damage. The gnoll barely misses you.
The gnoll sergeant hits you from afar with a +0 spear.
* * * LOW HITPOINT WARNING * * *
The gnoll hits you with a +0 club.
* * * LOW HITPOINT WARNING * * *
You hit the gnoll with your +3 rapier.
The gnoll is heavily wounded.
You closely miss the gnoll with your +0 dagger of chaos.
The gnoll hits you but does no damage. x2
The gnoll sergeant hits you from afar with a +0 spear.
* * * LOW HITPOINT WARNING * * *
The gnoll hits you with a +0 club.
* * * LOW HITPOINT WARNING * * *
As you read the scroll of teleportation, it crumbles to dust.
You feel strangely unstable.
You are no longer unable to travel.
The gnoll hits you with a +0 spear.
You die...
Hepliaklqana delivers you to your ancestors.

.... ##### ########.P.P
....♣ ........P..
...♣...... ♣.......P..
...♣ ≈≈≈≈≈ ♣.......P..
...♣ .≈≈≈ ♣.......P.P
...♣ ≈...≈ ♣..........
<..♣ .≈._.≈. ♣##'###.PPP
...♣≈.≈...≈.≈♣.g@)......
...♣≈..≈≈≈..≈♣..g...#...
...♣.≈≈≈≈≈≈≈.♣.gg...#
...♣...... ..♣##'#### .
....♣♣♣♣♣♣♣♣♣.##..# ##g.g
......#...........#......
......#...........'...g..
......'...........#......
......###################


You could see a gnoll sergeant and 3 gnolls.

Vanquished Creatures
  A scorpion (D:4)
  A crimson imp (D:3)
  A jelly (D:4)
  3 adders
  A gnoll (D:5)
  2 ribbon worms (D:2)
  2 dart slugs
  4 ball pythons
  An endoplasm (D:3)
  2 giant cockroaches (D:1)
  10 goblins
  4 hobgoblins
  5 jackals
  10 kobolds
  A quokka (D:4)
  6 bats
  2 frilled lizards
  8 rats
64 creatures vanquished.

Notes
Turn   | Place    | Note
-------+----------+-------------------------------------------
     0 | D:1      | shadowstone the Coglin Fighter began the quest for the Orb.
     0 | D:1      | Reached XP level 1. HP: 18/18 MP: 1/1
   111 | D:1      | Reached XP level 2. HP: 15/24 MP: 2/2
   577 | D:1      | Reached XP level 3. HP: 29/29 MP: 3/3
  1017 | D:1      | You fall into a shaft and drop 1 floor!
  1631 | D:2      | Reached XP level 4. HP: 35/35 MP: 4/4
  2211 | D:3      | Found an opulent altar of Gozag.
  2392 | D:3      | Found a faded altar of an unknown god.
  2954 | D:3      | Found a burning altar of Makhleb.
  2955 | D:3      | Found a shimmering altar of Xom.
  2972 | D:3      | Reached skill level 1 in Dodging
  2972 | D:3      | Reached XP level 5. HP: 25/41 MP: 5/5
  3092 | D:4      | Reached XP level 6. HP: 10/48 MP: 6/6
  3612 | D:4      | Found Oghoyg's Antique Weapon Shoppe.
  3638 | D:4      | Bought a glowing rapier for 140 gold pieces
  3824 | D:4      | Found Layshras's Gadget Gallery.
  3845 | D:4      | Found a glowing silver altar of Zin.
  3857 | D:4      | Found Xakoh's Distillery.
  3882 | D:4      | Found a hazy altar of Hepliaklqana.
  3891 | D:4      | Became a worshipper of Hepliaklqana the Forgotten
  4109 | D:5      | Entered Level 5 of the Dungeon
  4114 | D:5      | Found a stormy altar of Qazlal.
  4166 | D:5      | Slain by a gnoll

Illustrated notes

Levels and vault maps discovered:
D:1:      lemuel_arrival_lava_pool, layout_basic, dreamdust_princess_corridor
D:2:      layout_basic, chequers_serial_rivers_micro_d
D:3:      layout_loops_ring, grunt_temple_overflow_champion_of_chaos,
          mainiacjoe_overflow_tiny_flanked, hellmonk_ecumenical_altar_dog_temple
D:4:      layout_basic, mainiacjoe_overflow_six_doors_small, lemuel_tele_altar,
          serial_shops, nicolae_shop_gibbet_a_chance,
          nicolae_shop_tiny_statue_garden, nicolae_shop_gadgets
D:5:      layout_gridville, kennysheep_okawaru_gauntlet,
          mainiacjoe_overflow_cross_hatched, mainiacjoe_overflow_paths,
          st_stairs_14, grunt_ministairs_1

Skill      XL: |  1  2  3  4  5  6 |
---------------+-------------------+-----
Armour         | 3 |  3.5
Dodging        | 1 2 |  2.0
Long Blades    | 3 |  3.4
Shields        | 3 |  3.0
Fighting       | |  3.7
Short Blades   | |  0.1
Throwing       | |  0.8
Stealth        | |  0.9

Action                     |  1- 3 |  4- 6 || total
---------------------------+-------+-------++-------
  Melee: Long sword        |   104 |   109 ||   213
         Dagger            |       |    39 ||    39
         Rapier            |       |    20 ||    20
  Throw: Boomerang         |    29 |       ||    29
    Use: Scroll            |     3 |     4 ||     7
   Stab: Petrifying        |       |     3 ||     3
         Petrified         |       |     3 ||     3
 Armour: Scale mail        |   177 |   128 ||   305
  Dodge: Dodged            |    94 |    96 ||   190
  Block: Buckler           |    51 |    28 ||    79

Table legend: (Time is in decaauts)
 A = Elapsed time spent in this place.
 B = Non-inter-level travel time spent in this place.
 C = Inter-level travel time spent in this place.
 D = Time resting spent in this place.
 E = Time spent auto-exploring this place.
 F = Levels seen in this place.
 G = Mean time per level.
                   A        B        C        D        E       F      G
               +--------+--------+--------+--------+--------+-----+--------+
         Total |   4236 |   4067 |    169 |    843 |   1440 |   5 |  847.2 |
       Dungeon |   4236 |   4067 |    169 |    843 |   1440 |   5 |  847.2 |
               +--------+--------+--------+--------+--------+-----+--------+

Top non-repeatable levels by time:
     D:3: 1195 daAuts
     D:4: 1055 daAuts
     D:1: 1047 daAuts
     D:2: 881 daAuts
     D:5: 56 daAuts
